 Dungeon Crawl Stone Soup version 0.31-a0-1223-gfd5aef93c1 (webtiles) character file.

Game seed: 16910656468269220168

221 Ivernyr the Shield-Bearer (level 6, -3/48 HPs)
             Began as a Formicid Fighter on Dec 14, 2023.
             Slain by Grinder (5 damage)
             ... on level 3 of the Dungeon.
             The game lasted 00:04:00 (1761 turns).

Ivernyr the Shield-Bearer (Formicid Fighter)        Turns: 1761, Time: 00:04:02

Health: -3/48      AC:  8    Str: 22    XL:     6   Next: 19%
Magic:  6/6        EV:  9    Int:  8    God:
Gold:   58         SH:  5    Dex: 13    Spells: 5/5 levels left

rFire   . . .        a - +0 quarterstaff
rCold   . . .        c - +0 buckler
rNeg    . . .        b - +0 scale mail
rPois   .            (helmet unavailable)
rElec   .            (no cloak)
rCorr   .            i - +0 pair of gloves
SInv    +            (no boots)
Will    .....        (no amulet) Stlth
                     (no ring)
HPRegen 0.28/turn    (no ring)
MPRegen 0.10/turn

%: no passive effects
@: no status effects
A: permanent stasis, dig shafts and tunnels, antennae 3, four strong arms
a: Dig, Shaft Self


You were on level 3 of the Dungeon.
You visited 1 branch of the dungeon, and saw 3 of its levels.

You collected 58 gold pieces.

Inventory:

Hand Weapons
 a - a +0 quarterstaff (weapon)
Armour
 b - a +0 scale mail (worn)
 c - a +0 buckler (worn)
 i - a +0 pair of gloves (worn)
Jewellery
 n - a ring of poison resistance
Scrolls
 e - a scroll of immolation {unknown}
 g - 3 scrolls of fog {unknown}
 h - 2 scrolls of identify {unknown}
 j - a scroll of amnesia {unknown}
 l - a scroll of silence {unknown}
 m - a scroll of teleportation {unknown}
Potions
 d - a potion of might
 f - a potion of resistance {unknown}
 k - a potion of lignification {unknown}


   Skills:
 + Level 4.2 Fighting
 * Level 4.0 Staves
 + Level 4.3 Armour
 + Level 5.2 Shields


You had 5 spell levels left.
You didn't know any spells.
Your spell library contained the following spells:

 Spells                   Type           Power      Damage    Failure   Level
 Sublimation of Blood     Necr           0%         N/A       89%         2
 Wereblood                Tmut           0%         N/A       89%         2
 Summon Hydra             Summ           0%         N/A       100%        7


Dungeon Overview and Level Annotations

Branches:
Dungeon (3/15)

Altars:

Annotations:
D:3 Grinder


Innate Abilities, Weirdness & Mutations

You cannot be hasted, slowed, berserked, paralysed or teleported.
You can dig through walls and to a lower floor.
You have a pair of large antennae on your head. (SInv)
Your four strong arms can wield two-handed weapons with a shield.


Message History

Grinder hits you.
You writhe in agony.
You barely miss Grinder.
Grinder is lightly wounded.
Grinder hits you!
You writhe in agony.
You hit Grinder.
Grinder is moderately wounded.
Grinder gestures at you.
Your stasis prevents you from being paralysed.
You thump Grinder!
Grinder is heavily wounded.
Grinder blinks!
Grinder gestures at you.
Your stasis prevents you from being paralysed.
Grinder says, "I used to sell toenails on the black market."
Grinder gestures at you.
Your stasis prevents you from being paralysed.
Grinder hits you.
You writhe in agony.
You barely miss Grinder.
Grinder is heavily wounded.
Grinder hits you.
You writhe in agony.
You closely miss Grinder.
Grinder is heavily wounded.
Grinder hits you.
You writhe in agony.
* * * LOW HITPOINT WARNING * * *
You hit Grinder but do no damage.
Grinder is heavily wounded.
You block Grinder's attack. Grinder barely misses you.
You sock Grinder!
Grinder is almost dead.
Grinder hits you.
* * * LOW HITPOINT WARNING * * *
You writhe in agony.
* * * LOW HITPOINT WARNING * * *
You hit Grinder but do no damage.
Grinder is almost dead.
Grinder hits you.
* * * LOW HITPOINT WARNING * * *
You writhe in agony.
You die...
Grinder says, "Hey, I wasn't done torturing you yet!"

.. .. ####.# ...
#..........
#....##...###
#.###....#.......
..............
#..5.#..#.#
#.###..@.......
.........#..############
#.#......#..............
#...........############
###...............
##.............. #
#............... #
##.#..#########. #
#.#.## { #


You could see Grinder.

Vanquished Creatures
  Sigmund (D:2)
  A gnoll (D:1)
  A worm (D:2)
  2 dart slugs
  2 orcs (D:3)
  2 ball pythons (D:1)
  5 endoplasms
  2 giant cockroaches
  6 hobgoblins
  3 jackals (D:2)
  2 quokkas (D:1)
  7 bats
  4 goblins
  5 kobolds
  5 rats
48 creatures vanquished.

Notes
Turn   | Place    | Note
-------+----------+-------------------------------------------
     0 | D:1      | Ivernyr the Formicid Fighter began the quest for the Orb.
     0 | D:1      | Reached XP level 1. HP: 18/18 MP: 1/1
   148 | D:1      | Reached XP level 2. HP: 24/24 MP: 2/2
   424 | D:1      | Reached XP level 3. HP: 24/29 MP: 3/3
  1019 | D:2      | Reached XP level 4. HP: 37/37 MP: 4/4
  1163 | D:2      | Noticed Sigmund
  1171 | D:2      | Killed Sigmund
  1172 | D:2      | Reached skill level 5 in Shields
  1172 | D:2      | Reached XP level 5. HP: 30/42 MP: 5/5
  1172 | D:2      | Reached XP level 6. HP: 34/48 MP: 6/6
  1741 | D:3      | Noticed Grinder
  1761 | D:3      | HP: 2/48 [Grinder (1)]
  1761 | D:3      | Slain by Grinder

Illustrated notes

Levels and vault maps discovered:
D:1:      psy_arrival_radial02, layout_loops_ring, st_stairs_2,
          nicolae_twisty_statue_hallways
D:2:      layout_loops_ring, uniq_sigmund
D:3:      cheibrodos_pilgrimage, layout_basic, nzn_wu_jian_contemplation,
          serial_shops, nicolae_square_shop, kennysheep_generic_room_14,
          uniq_grinder, uniq_terence

Skill      XL: |  1  2  3  4  5  6 |
---------------+-------------------+-----
Fighting       | 4 |  4.2
Staves         | 3 4 |  4.0
Armour         | 4 |  4.3
Shields        | 5 |  5.2

Action                     |  1- 3 |  4- 6 || total
---------------------------+-------+-------++-------
  Melee: Quarterstaff      |    67 |    58 ||   125
 Armour: Scale mail        |    28 |    33 ||    61
  Dodge: Dodged            |    27 |    17 ||    44
  Block: Buckler           |    11 |    20 ||    31

Table legend: (Time is in decaauts)
 A = Elapsed time spent in this place.
 B = Non-inter-level travel time spent in this place.
 C = Inter-level travel time spent in this place.
 D = Time resting spent in this place.
 E = Time spent auto-exploring this place.
 F = Levels seen in this place.
 G = Mean time per level.
                   A        B        C        D        E       F      G
               +--------+--------+--------+--------+--------+-----+--------+
         Total |   1782 |   1711 |     71 |     27 |   1318 |   3 |  594.0 |
       Dungeon |   1782 |   1711 |     71 |     27 |   1318 |   3 |  594.0 |
               +--------+--------+--------+--------+--------+-----+--------+

Top non-repeatable levels by time:
     D:1: 922 daAuts
     D:2: 688 daAuts
     D:3: 170 daAuts
